AoeStats
← Gjallarhorn

Enclosed

504173674Analyzed
1v1 RM · 26d ago on Sep 4, 2026· 18m 17s· 2 players
Game mode
Random Map
Map size
Tiny (2 player)
Population
200
Speed
Normal
Resources
Standard
Victory
Conquest
Starting age
Dark Age
Ending age
Imperial Age
RankedLock teamsTeams togetherTeam positionsShared explorationLock speedFull tech treeHidden civsTurbo modeCheats
Victory
Defeat
🇷🇺 Mongols · Russia
736
+14
🇩🇪 Mongols · Germany
701
-14
anashistik
10:30 Feudal Age
12:20 Forging
13:14 Scale Barding Armor
13:45 Bloodlines
Gjallarhorn
7:32 Loom
10:43 Feudal Age
11:35 Double-Bit Axe
19:51 Castle Age
Connection lost

Rejoining the realm…

Still unreachable

The connection could not be restored.

Session expired

The server has moved on; the page needs a fresh start.